 Seeded DCSS version 0.28.0-43-g3370ac3207 (webtiles) character file.

Game seed: 12345678 (custom seed)

13 prospektor the Poker (level 2, -10/24 HPs)
             Began as a Human Chaos Knight on Mar 3, 2022.
             Was a Plaything of Xom.
             Killed by the air
             ... invoked by a wind drake (shapeshifter)
              (18 damage)
             ... on level 1 of the Dungeon.
             The game lasted 00:02:37 (500 turns).

prospektor the Poker (Human Chaos Knight)            Turns: 500, Time: 00:02:37

Health: -10/24     AC:  5    Str: 12    XL:     2   Next: 50%
Magic:  2/2        EV: 11    Int: 12    God:    Xom [..*...]
Gold:   41         SH:  0    Dex: 18    Spells: 1/1 levels left

rFire   . . .      SeeInvis .   a - +0 spear (chaos)
rCold   . . .      Faith    .   (no shield)
rNeg    . . .      Spirit   .   b - +2 leather armour
rPois   .          Reflect  .   (no helmet)
rElec   .          Harm     .   (no cloak)
rCorr   .          Rampage  .   (no gloves)
Will    .....                   (no boots)
Stlth   +.........              (no amulet)
HPRegen 0.08/turn               c - +6 ring of dexterity
MPRegen 0.08/turn               (no ring)

@: no status effects
A: no striking features
a: Renounce Religion


You were on level 1 of the Dungeon.
You worshipped Xom.
You were a toy of Xom.
You visited 1 branch of the dungeon, and saw 1 of its levels.

You collected 41 gold pieces.

Inventory:

Hand Weapons
 a - a +0 spear of chaos (weapon)
Armour
 b - a +2 leather armour (worn)
Jewellery
 c - a +6 ring of dexterity (left hand)
Scrolls
 d - 2 scrolls of identify {unknown}
 g - a scroll of immolation {unknown}
 h - a scroll of enchant armour {unknown}
Potions
 e - 2 potions of curing {unknown}
 f - a potion of flight {unknown}
 i - a potion of might {unknown}


   Skills:
 + Level 3.1 Fighting
 + Level 3.5 Polearms
 + Level 2.0 Armour
 + Level 1.0 Dodging
 + Level 0.2 Stealth


You had one spell level left.
You didn't know any spells.
Your spell library was empty.

Dungeon Overview and Level Annotations

Branches:
Dungeon (1/15)

Altars:


Message History

The dart slug launches a dart at you.
The slug dart hits you but does no damage.
The helpless hobgoblin fails to defend itself.
You hit the hobgoblin. You freeze the hobgoblin.
You kill the hobgoblin!
The dart slug closely misses you.
You see here a hobgoblin corpse.
You hit the dart slug.
The dart slug is poisoned.
The dart slug is moderately wounded.
You kill the dart slug!
You now have 30 gold pieces (gained 21).
You now have 41 gold pieces (gained 11).
g - a scroll labelled LEOREA JERPH
h - a scroll labelled BOPNANW UCUEDU
d - 2 scrolls labelled REKHLA TE MAOSCH (gained 1)
Okay, then.
i - a golden potion
There is a faded altar of an unknown god here.
A quokka comes into view.
Found a stone staircase leading down.
You barely miss the quokka. The quokka bites you. x2
You hit the quokka but do no damage.
The quokka changes into a shapeshifter!
Xom thinks this is hilarious!
The shapeshifter changes into a wind drake!
You hit the wind drake but do no damage.
The wind drake bites you!
You hit the wind drake. You freeze the wind drake.
The wind drake is lightly wounded.
The wind drake begins repelling missiles!
You barely miss the wind drake.
The wind drake is lightly wounded.
The wind drake exhales a fierce blast of wind!
You are blown backwards!
A hobgoblin comes into view.
The hobgoblin shouts!
The wind drake flaps its wings at you. The air twists around and strikes you!!
Ouch! That really hurt!
You die...
Xom cackles wildly!

#:≈♣≈..###≈. ..
....≈...# ##≈ . ..
#..#......# ##
..#.###
##.........
....>.g .......>..
.....
............## ...
....... ... #.##
....... ...
#.@#####......# ..
##..k...### #
#####....#########
##...##.......
##..##....##.
##..........
###........
#........
##...###.


You could see a wind drake shaped shifter (repels missiles, catching breath) and
a hobgoblin.

Vanquished Creatures
  2 dart slugs (D:1)
  3 bats (D:1)
  A goblin (D:1)
  A hobgoblin (D:1)
  A kobold (D:1)
  A rat (D:1)
  3 toadstools (D:1)
12 creatures vanquished.

Vanquished Creatures (others)
  A toadstool (D:1)
1 creature vanquished.

Grand Total: 13 creatures vanquished

Notes
Turn   | Place    | Note
-------+----------+-------------------------------------------
     0 | D:1      | prospektor the Human Chaos Knight began the quest for the
                  | Orb.
     0 | D:1      | Reached XP level 1. HP: 18/18 MP: 1/1
   238 | D:1      | Reached XP level 2. HP: 18/24 MP: 2/2
   389 | D:1      | Found a faded altar of an unknown god.
   495 | D:1      | Noticed a shapeshifter
   495 | D:1      | a quokka changed into a shapeshifter
   495 | D:1      | Noticed a wind drake
   495 | D:1      | a shapeshifter changed into a wind drake
   500 | D:1      | Killed from afar by a wind drake (shapeshifter)

Illustrated notes

Levels and vault maps discovered:
D:1:      ldierk_water_garden, layout_rooms, hellmonk_ecumenical_altar_lost_god,
          minmay_misc_feat_roman

Action                   || total
-------------------------++-------
Melee: Spear             ||    41
 Stab: Paralysed         ||     3
Armor: Leather armour    ||    13
Dodge: Dodged            ||    17
